 Dungeon Crawl Stone Soup version 0.31-a0-700-gf13585253f (webtiles) character file.

Game seed: 17148075084872557866

534 GigaChad the Shield-Bearer (level 7, -3/55 HPs)
             Began as a Formicid Fighter on Sept 7, 2023.
             Slain by a sky beast (6 damage)
             ... on level 5 of the Dungeon.
             The game lasted 00:05:21 (3846 turns).

GigaChad the Shield-Bearer (Formicid Fighter)       Turns: 3846, Time: 00:05:21

Health: -3/55      AC:  9    Str: 23    XL:     7   Next: 50%
Magic:  7/7        EV: 10    Int:  7    God:
Gold:   206        SH:  5    Dex: 13    Spells: 6/6 levels left

rFire   . . .        a - +0 war axe
rCold   . . .        c - +0 buckler
rNeg    . . .        q - +0 swamp dragon scales
rPois   +            (helmet unavailable)
rElec   .            k - +0 cloak
rCorr   .            (no gloves)
SInv    +            (no boots)
Will    .....        (no amulet)
Stlth   +            (no ring)
HPRegen 0.29/turn    (no ring)
MPRegen 0.10/turn

%: no passive effects
@: no status effects
A: permanent stasis, dig shafts and tunnels, antennae 3, four strong arms
a: Dig, Shaft Self


You were on level 5 of the Dungeon.
You visited 1 branch of the dungeon, and saw 5 of its levels.

You collected 206 gold pieces.

Inventory:

Hand Weapons
 a - a +0 war axe (weapon)
 f - a +0 hammer of protection
 g - a +4 quarterstaff of chaos
Armour
 b - a +0 scale mail
 c - a +0 buckler (worn)
 k - a +0 cloak (worn)
 q - +0 swamp dragon scales (worn)
 u - a +2 chain mail
Jewellery
 v - a ring of protection from fire
Scrolls
 i - 2 scrolls of teleportation
 l - a scroll of fog
 o - 2 scrolls of fear
 p - a scroll of revelation
 s - a scroll of identify
Potions
 d - 2 potions of might
 e - a potion of ambrosia
 h - a potion of curing
 j - a potion of berserk rage {unknown}
 m - a potion of cancellation {unknown}
 n - a potion of heal wounds {unknown}
 r - a potion of brilliance {unknown}
 t - 2 potions of lignification {unknown}


   Skills:
 * Level 4.6 Fighting
 * Level 4.3(4.6) Axes
 * Level 2.3(3.8) Polearms
 + Level 1.4(2.1) Staves
 * Level 4.8 Armour
 + Level 0.9 Dodging
 + Level 1.5 Stealth
 * Level 5.1 Shields


You had 6 spell levels left.
You didn't know any spells.
Your spell library contained the following spells:

 Spells                   Type           Power      Damage    Failure   Level
 Scorch                   Fire           0%         2d5       78%         2
 Flame Wave               Conj/Fire      0%         2d4       100%        4
 Summon Cactus Giant      Summ           0%         N/A       100%        6


Dungeon Overview and Level Annotations

Branches:
Dungeon (5/15)
 Temple: D:4-7

Altars:

Annotations:
D:3 2 transporters, lunkers's ghost, amateur MeSh
D:5 Blork the orc; Grinder


Innate Abilities, Weirdness & Mutations

You cannot be hasted, slowed, berserked, paralysed or teleported.
You can dig through walls and to a lower floor.
You have a pair of large antennae on your head. (SInv)
Your four strong arms can wield two-handed weapons with a shield.


Message History

A sky beast is nearby!
A sky beast is nearby!
A sky beast is nearby!
Found a maw talisman.
You block the sky beast's attack.
You hit the sky beast but do no damage.
Grinder comes into view.
The sky beast barely misses you.
You closely miss the sky beast.
The sky beast hits you but does no damage.
You block the sky beast's attack.
You closely miss the sky beast. The sky beast closely misses you.
You hit the sky beast.
The sky beast is lightly wounded.
You block the sky beast's attack.
An iguana comes into view.
You closely miss the sky beast.
The sky beast is lightly wounded.
The iguana hisses angrily.
The sky beast hits you but does no damage.
You closely miss the sky beast.
The sky beast is lightly wounded.
The sky beast hits you. The sky beast shocks you.
* * * LOW HITPOINT WARNING * * *
The sky beast flickers out of sight for a moment.
The sky beast closely misses you.
You barely miss the sky beast.
The sky beast is lightly wounded.
The sky beast hits you.
* * * LOW HITPOINT WARNING * * *
The sky beast shocks you.
* * * LOW HITPOINT WARNING * * *
Grinder gestures at you.
The sky beast resists with significant effort.
Blork the orc comes into view.
He is wielding a +0 hand axe.
You barely miss the sky beast.
The sky beast is lightly wounded.
The sky beast hits you.
* * * LOW HITPOINT WARNING * * *
The sky beast shocks you.
You die...

#. #. #. ## #. .+
#.#.# . ######.<.# .
..% .........# .!
.....#######†.# ...
..o.l5Y@......# ....
#.##########$##.....
, ##))......
#.........
#.........
#......### #......#
#......# #......#


You could see Grinder, Blork the orc, a sky beast and an iguana.

Vanquished Creatures
  Menkaure (D:4)
  A black bear (D:4)
  A scorpion (D:5)
  A hound (D:5)
  Crazy Yiuf (D:3)
  A sleepcap (D:5)
  An orc wizard (D:5)
  A scorpion zombie (D:3)
  3 adders
  A white imp (D:5)
  3 dart slugs
  6 orcs
  4 bats
  10 endoplasms
  6 giant cockroaches
  5 goblins
  7 hobgoblins
  6 kobolds
  5 quokkas
  4 ball pythons
  A ball python zombie (D:3)
  3 frilled lizards
  A giant cockroach zombie (D:3)
  A jackal zombie (D:3)
  2 quokka zombies (D:3)
  7 rats
83 creatures vanquished.

Vanquished Creatures (collateral kills)
  An endoplasm (D:3)
1 creature vanquished.

Grand Total: 84 creatures vanquished

Notes
Turn   | Place    | Note
-------+----------+-------------------------------------------
     0 | D:1      | GigaChad the Formicid Fighter began the quest for the Orb.
     0 | D:1      | Reached XP level 1. HP: 18/18 MP: 1/1
   224 | D:1      | Reached XP level 2. HP: 24/24 MP: 2/2
   685 | D:1      | Reached XP level 3. HP: 30/30 MP: 3/3
  1202 | D:2      | Found a faded altar of an unknown god.
  1437 | D:2      | Reached XP level 4. HP: 35/37 MP: 4/4
  2025 | D:3      | Found a transporter.
  2031 | D:3      | Found a transporter.
  2216 | D:3      | Found a runed translucent door.
  2217 | D:3      | Noticed Crazy Yiuf
  2224 | D:3      | Killed Crazy Yiuf
  2377 | D:3      | Reached XP level 5. HP: 39/42 MP: 5/5
  2391 | D:3      | Noticed lunkers's ghost (amateur MeSh)
  2521 | D:3      | Identified the +0 spear of Gacwiem {chaos, rElec rPois
                  | rN+++ Dex-2}
  2787 | D:4      | Noticed a black bear
  2797 | D:4      | Killed a black bear
  2798 | D:4      | Reached skill level 1 in Polearms
  2798 | D:4      | Reached skill level 1 in Staves
  2798 | D:4      | Reached skill level 1 in Stealth
  2798 | D:4      | Reached XP level 6. HP: 25/48 MP: 6/6
  3202 | D:4      | Noticed Menkaure
  3211 | D:4      | Killed Menkaure
  3212 | D:4      | Reached skill level 5 in Shields
  3652 | D:4      | Reached XP level 7. HP: 53/55 MP: 7/7
  3790 | D:5      | Entered Level 5 of the Dungeon
  3839 | D:5      | Noticed Grinder
  3845 | D:5      | Noticed Blork the orc
  3846 | D:5      | Slain by a sky beast

Illustrated notes

Levels and vault maps discovered:
D:1:      dpeg_arrival_snail, layout_loops_corners
D:2:      layout_basic, serial_rivers, chequers_serial_rivers_micro_a,
          chequers_serial_rivers_micro_c, chequers_serial_rivers_micro_a,
          chequers_serial_rivers_small_a, chequers_serial_rivers_large_b,
          shapermc_ecumenical_altar_ellora
D:3:      layout_basic, gammafunk_ghost_gnarly_gnolls, serial_undead,
          serial_undead_c, serial_undead_b, serial_undead_a, serial_undead_e,
          hex_large, uniq_crazy_yiuf_cottage
D:4:      cheibrodos_helix_gallery, layout_gridville, uniq_menkaure
D:5:      layout_basic, gup_sewer_entry_spiral, uniq_grinder, uniq_blork_the_orc

Skill      XL: |  1  2  3  4  5  6  7 |
---------------+----------------------+-----
Fighting       | 4 |  4.6
Axes           | 3 4 |  4.3
Armour         | 4 |  4.8
Polearms       | 1 2 |  2.3
Staves         | 1 |  1.4
Stealth        | 1 |  1.5
Shields        | 5 |  5.1
Dodging        | |  0.9

Action                     |  1- 3 |  4- 6 |  7- 9 || total
---------------------------+-------+-------+-------++-------
  Melee: War axe           |    91 |    54 |    40 ||   185
         Quarterstaff      |       |    41 |       ||    41
    Use: Scroll            |       |    12 |       ||    12
   Stab: Petrified         |       |     2 |       ||     2
         Petrifying        |       |     1 |       ||     1
         Sleeping          |       |     1 |       ||     1
 Armour: Scale mail        |    64 |     2 |       ||    66
         Chain mail        |       |    68 |       ||    68
         Swamp dragon scal |       |    13 |    47 ||    60
  Dodge: Dodged            |    48 |    38 |    29 ||   115
  Block: Buckler           |    28 |    25 |    11 ||    64

Table legend: (Time is in decaauts)
 A = Elapsed time spent in this place.
 B = Non-inter-level travel time spent in this place.
 C = Inter-level travel time spent in this place.
 D = Time resting spent in this place.
 E = Time spent auto-exploring this place.
 F = Levels seen in this place.
 G = Mean time per level.
                   A        B        C        D        E       F      G
               +--------+--------+--------+--------+--------+-----+--------+
         Total |   3964 |   3825 |    139 |    596 |   2536 |   5 |  792.8 |
       Dungeon |   3964 |   3825 |    139 |    596 |   2536 |   5 |  792.8 |
               +--------+--------+--------+--------+--------+-----+--------+

Top non-repeatable levels by time:
     D:4: 1076 daAuts
     D:2: 1039 daAuts
     D:1: 929 daAuts
     D:3: 854 daAuts
     D:5: 65 daAuts
